[Event "Titled Tuesday Blitz March 21 Late 2023"]
[White "Li, Ruifeng"]
[Black "Szyszylo, Rafal"]
[WhiteFideId "2061074"]
[BlackFideId "1109626"]
[WhiteElo "2441"]
[BlackElo "1951"]
[Result "1-0"]
[Round "02"]
[TimeControl "180+2"]
[Date "2023.03.21"]
[WhiteClock "0:02:23"]
[BlackClock "0:01:44"]

1. b3 d6 2. Bb2 Nd7 3. d4 Ngf6 4. Nf3 g6 5. e3 Bg7 6. Bc4 O-O 7. O-O Re8 8. a4 a5 9. Na3 c6 10. Re1 Qc7 11. e4 e5 12. dxe5 Nxe5 13. Nxe5 dxe5 14. h3 Nh5 15. Qf3 Nf4 16. Rad1 Bd7 17. Kh2 Rad8 18. g3 Nxh3 19. Bxf7+ Kh8 20. Bxe8 Rxe8 21. Qf7 Qb6 22. Rxd7 Qxf2+ 23. Kxh3 1-0


[Site "https://www.chess.com"]

[Event "Titled Tuesday Blitz March 21 Late 2023"]
[White "Jimenez Jimenez, Leandro"]
[Black "Gharibyan, Mamikon"]
[WhiteFideId "6415253"]
[BlackFideId "13308300"]
[WhiteElo "2263"]
[BlackElo "2445"]
[Result "0-1"]
[Round "02"]
[TimeControl "180+2"]
[Date "2023.03.21"]
[WhiteClock "0:00:31"]
[BlackClock "0:01:51"]

1. d4 g6 2. c4 Nf6 3. Nc3 Bg7 4. e4 d6 5. f3 O-O 6. Be3 a6 7. Nge2 c6 8. Ng3 b5 9. Bd3 Bb7 10. O-O Nbd7 11. Qd2 e5 12. d5 bxc4 13. Bxc4 Nb6 14. Bb3 cxd5 15. Nxd5 Nfxd5 16. exd5 a5 17. a4 f5 18. f4 exf4 19. Bxf4 Qf6 20. Rab1 Rfe8 21. Rfd1 h5 22. Bg5 Qe5 23. Bf4 Qf6 24. Bg5 Qf7 25. Be3 Nd7 26. Ne2 Qe7 27. Kf2 Nf6 28. Kf3 Qe4+ 0-1


[Site "https://www.chess.com"]

[Event "Titled Tuesday Blitz March 21 Late 2023"]
[White "Gines Esteo, Pedro Antonio"]
[Black "Rios Escobar, Adan"]
[WhiteFideId "32080190"]
[BlackFideId "3403645"]
[WhiteElo "2453"]
[BlackElo "2399"]
[Result "1-0"]
[Round "02"]
[TimeControl "180+2"]
[Date "2023.03.21"]
[WhiteClock "0:00:41"]
[BlackClock "0:00:01"]

1. d4 Nf6 2. Nf3 g6 3. Bg5 Bg7 4. Nbd2 d5 5. e3 O-O 6. Be2 h6 7. Bh4 Nbd7 8. O-O c5 9. c3 b6 10. a4 Bb7 11. a5 Ne4 12. Nxe4 dxe4 13. Nd2 g5 14. Bg3 e5 15. dxc5 Nxc5 16. Qc2 f5 17. h3 f4 18. Bh2 Kh8 19. a6 Bc6 20. Rad1 Qc7 21. b4 Ba4 22. Qb1 Bxd1 23. Rxd1 Nd3 24. Nxe4 Nxf2 25. Nxf2 Qxc3 26. Qg6 Rad8 27. Bd3 e4 28. Qxe4 Rxd3 29. Qxd3 Qxb4 30. exf4 Qc5 31. Qd5 1-0


[Site "https://www.chess.com"]

[Event "Titled Tuesday Blitz March 21 Late 2023"]
[White "liwadas82"]
[Black "Timmermans, Mark"]
[BlackFideId "1026399"]
[WhiteElo "2397"]
[BlackElo "2460"]
[Result "0-1"]
[Round "02"]
[TimeControl "180+2"]
[Date "2023.03.21"]
[WhiteClock "0:00:02"]
[BlackClock "0:01:01"]

1. e4 e5 2. Nf3 Nc6 3. Bb5 f5 4. d3 fxe4 5. dxe4 Nf6 6. Qe2 d6 7. O-O Be7 8. Nc3 O-O 9. Qc4+ Kh8 10. Bxc6 bxc6 11. Qxc6 Rb8 12. Qc4 c6 13. Qxc6 Rb4 14. Nd5 Nxd5 15. exd5 Bb7 16. Qc3 Rg4 17. h3 Rxg2+ 18. Kxg2 Bxd5 19. Qd2 Bxf3+ 20. Kh2 d5 21. Rg1 e4 22. Rg3 Bd6 23. Qg5 Qxg5 24. Bxg5 d4 25. Re1 h6 26. Bd2 e3 27. fxe3 Bd5 28. Re2 Rf3 29. Rg2 dxe3 30. Be1 Rf1 31. Rg1 e2 32. h4 g5 33. Kh3 Be6+ 34. Kg2 Bd5+ 35. Kh3 Bxg3 36. Rxg3 Rxe1 37. Re3 Bc4 38. hxg5 Rh1+ 39. Kg2 e1=Q 40. Rxe1 Rxe1 0-1


[Site "https://www.chess.com"]

[Event "Titled Tuesday Blitz March 21 Late 2023"]
[White "Kuznetsov, Felix"]
[Black "Liu, Casper"]
[WhiteFideId "34147990"]
[BlackFideId "1454153"]
[WhiteElo "2235"]
[BlackElo "2221"]
[Result "1-0"]
[Round "02"]
[TimeControl "180+2"]
[Date "2023.03.21"]
[WhiteClock "0:00:24"]
[BlackClock "0:00:03"]

1. e4 g6 2. d4 Bg7 3. Nc3 d6 4. Be3 a6 5. Qd2 Nd7 6. O-O-O b5 7. f3 Bb7 8. h4 c5 9. h5 Qa5 10. h6 Bxd4 11. Bxd4 cxd4 12. Qxd4 Ngf6 13. g4 b4 14. Nd5 Bxd5 15. exd5 O-O 16. g5 Ne8 17. Kb1 Qc5 18. Qe4 Rc8 19. Bh3 Rc7 20. Bxd7 Rxd7 21. Ne2 Nc7 22. Rd4 a5 23. Nf4 Nb5 24. Rc4 Qf2 25. Ne6 Rb8 26. Nd4 1-0


[Site "https://www.chess.com"]

[Event "Titled Tuesday Blitz March 21 Late 2023"]
[White "Veleshnja, Zino"]
[Black "Adewumi, Tanitoluwa"]
[WhiteFideId "4701313"]
[BlackFideId "30966396"]
[WhiteElo "2216"]
[BlackElo "2751"]
[Result "0-1"]
[Round "02"]
[TimeControl "180+2"]
[Date "2023.03.21"]
[WhiteClock "0:00:19"]
[BlackClock "0:00:14"]

1. d4 Nf6 2. c4 e6 3. g3 d5 4. Bg2 Bb4+ 5. Bd2 Bd6 6. Nf3 O-O 7. O-O Nbd7 8. Qc2 Ne4 9. c5 Be7 10. c6 bxc6 11. Qxc6 Rb8 12. Ba5 Rxb2 13. Bxc7 Qe8 14. Rc1 Rxe2 15. Nc3 Nxc3 16. Qxc3 Nf6 17. Ne5 Qa4 18. Bf1 Rxf2 19. Qc6 Qxd4 20. Qc3 Qxc3 21. Rxc3 Ne4 22. Rb3 Bc5 23. Nd3 Bd4 24. Nxf2 Bxa1 25. Nxe4 dxe4 26. Bg2 Bd4+ 27. Kf1 Ba6+ 28. Ke1 Rc8 29. Rb8 Rxb8 30. Bxb8 e3 31. Bf4 Bc3+ 0-1


[Site "https://www.chess.com"]

[Event "Titled Tuesday Blitz March 21 Late 2023"]
[White "Yanchenko, Roman"]
[Black "Toktomushev, Teimur"]
[WhiteFideId "4137329"]
[BlackFideId "14176726"]
[WhiteElo "2491"]
[BlackElo "2116"]
[Result "1-0"]
[Round "02"]
[TimeControl "180+2"]
[Date "2023.03.21"]
[WhiteClock "0:01:21"]
[BlackClock "0:00:06"]

1. d4 d5 2. c4 e6 3. Nc3 Nf6 4. Bg5 Be7 5. e3 O-O 6. Qc2 h6 7. h4 b6 8. cxd5 Nxd5 9. Nxd5 exd5 10. Bf4 c5 11. dxc5 bxc5 12. Nf3 Nc6 13. a3 Qa5+ 14. Qd2 Qxd2+ 15. Nxd2 Be6 16. Bb5 Na5 17. Bc7 Nb7 18. Nf3 Rac8 19. Bg3 Nd6 20. Ba6 Rb8 21. Ne5 Rb6 22. Bd3 Bf6 23. Rb1 c4 24. Bc2 Nf5 25. Bf4 d4 26. Nxc4 Bxc4 27. Bxf5 dxe3 28. fxe3 Rxb2 29. Rxb2 Bxb2 30. Bd6 Rd8 31. Bb4 Bf6 32. Kf2 Bd3 33. g4 Bxf5 34. gxf5 Rc8 35. h5 Rc2+ 36. Kf3 Ra2 37. Rd1 a5 38. Bc5 Kh7 39. Rd5 Rc2 40. Bd6 a4 41. Ra5 Rc3 42. Bb4 Rb3 43. Rxa4 Bd4 44. Bd2 Bc5 45. Rc4 Bxa3 46. Bc3 Be7 47. Rc7 Bb4 48. Bxb4 Rxb4 49. Rxf7 Kg8 50. Rc7 Rh4 51. e4 Rxh5 52. Kg3 Rh1 53. e5 Re1 54. e6 Kf8 55. Kg4 g6 56. Rf7+ Ke8 57. fxg6 Rxe6 58. Kh5 Re5+ 59. Kxh6 Re1 60. Rf3 Rh1+ 61. Kg7 Rh2 62. Kg8 Rh4 63. Re3+ Kd7 64. g7 Rh5 65. Kf7 Rf5+ 66. Kg6 Rf1 67. g8=Q Rg1+ 68. Kf7 Rxg8 69. Kxg8 Kd6 70. Kf7 Kc6 71. Re6+ 1-0


[Site "https://www.chess.com"]

[Event "Titled Tuesday Blitz March 21 Late 2023"]
[White "Martinez Ramirez, Lennis"]
[Black "ArturoCaceres"]
[WhiteFideId "3509079"]
[WhiteElo "2439"]
[BlackElo "2386"]
[Result "0-1"]
[Round "02"]
[TimeControl "180+2"]
[Date "2023.03.21"]
[WhiteClock "0:00:44"]
[BlackClock "0:00:15"]

1. b4 a5 2. b5 a4 3. e4 b6 4. Nf3 Bb7 5. e5 e6 6. d4 Ne7 7. Bg5 h6 8. Bh4 g5 9. Bg3 Nf5 10. c3 h5 11. h4 g4 12. Ng5 Nxg3 13. fxg3 f6 14. exf6 Qxf6 15. Bd3 Bxg2 16. Rh2 Bf3 17. Nxf3 Qxf3 18. Qxf3 gxf3 19. Rf2 Bd6 20. Rxf3 Rg8 21. Kf2 Ke7 22. Nd2 c6 23. Ne4 cxb5 24. Bxb5 Nc6 25. Bxc6 dxc6 26. Re1 Raf8 27. Ng5 Rxf3+ 28. Kxf3 Rf8+ 29. Kg2 Rf6 30. c4 Kd7 31. Re2 Bc7 32. Re3 b5 33. d5 exd5 34. cxd5 cxd5 35. Rd3 Kc6 36. Nf3 Bb6 37. Rc3+ Bc5 38. Ng5 b4 39. Rc2 Kb5 40. Kh3 b3 41. axb3 axb3 42. Rb2 Kc4 43. Rb1 Ba3 44. g4 Kc3 45. gxh5 Kc2 46. Ra1 b2 47. Ra2 Kb3 48. Rxb2+ Bxb2 49. Kg4 d4 50. Ne4 Rf8 51. h6 d3 52. h7 Kc2 53. Kg5 d2 54. Nxd2 Kxd2 55. Kh6 Rh8 56. h5 Ke3 57. Kg6 Kf4 58. Kh6 Ke4 59. Kg6 Kd5 60. Kh6 Ke6 61. Kg6 Ke7 62. Kh6 Kf7 63. Kg5 Rxh7 64. Kg4 Bc1 65. Kh4 Bh6 66. Kg4 Rg7+ 67. Kf5 Rg5+ 68. Ke4 Rxh5 69. Kd4 Be3+ 70. Ke4 Ke6 71. Kxe3 Ke5 72. Kf3 Rg5 73. Kf2 Ke4 74. Ke2 Rg2+ 75. Kf1 Kf3 76. Ke1 Rf2 77. Kd1 Re2 78. Kc1 Ke3 79. Kb1 Kd3 80. Kc1 Rd2 81. Kb1 Rc2 82. Ka1 Kc3 83. Kb1 Kb3 84. Ka1 Rc1# 0-1


[Site "https://www.chess.com"]

[Event "Titled Tuesday Blitz March 21 Late 2023"]
[White "Herrera Reyes, Jose Antonio"]
[Black "Hoffmann, Asa"]
[WhiteFideId "2274914"]
[BlackFideId "2001470"]
[WhiteElo "2273"]
[BlackElo "2117"]
[Result "1-0"]
[Round "02"]
[TimeControl "180+2"]
[Date "2023.03.21"]
[WhiteClock "0:01:14"]
[BlackClock "0:00:38"]

1. Nf3 d6 2. g3 e5 3. Bg2 Nf6 4. d3 Be7 5. Nc3 O-O 6. h4 c6 7. h5 h6 8. e4 Bg4 9. Be3 Bxh5 10. Qd2 Bxf3 11. Bxf3 Nh7 12. Bxh6 Bg5 13. Bxg5 Qxg5 14. O-O-O Qxd2+ 15. Kxd2 Nd7 16. Rh2 Ng5 17. Bg2 g6 18. Rdh1 Kg7 19. f4 Ne6 20. Rh7+ Kf6 21. Ne2 Ke7 22. c3 Nf6 23. R7h4 exf4 24. gxf4 Nh5 25. Bf3 Neg7 26. Ke3 d5 27. Bxh5 Nxh5 28. exd5 cxd5 29. Kd4 Ng7 30. Kxd5 Nf5 31. Rh7 Rad8+ 32. Kc4 Kf6 33. d4 Rfe8 34. R1h2 Re3 35. R7h3 Rde8 36. Rxe3 Nxe3+ 37. Kd3 Nf5 38. Rh3 Nd6 39. c4 b6 40. Nc3 Nf5 41. Ne4+ Kg7 42. d5 Rd8 43. Rh1 Nd6 44. Nxd6 Rxd6 45. Kd4 Kf6 46. b4 Kf5 47. c5 bxc5+ 48. bxc5 Rd8 49. c6 f6 50. Re1 g5 51. fxg5 fxg5 52. c7 Rc8 53. d6 1-0


[Site "https://www.chess.com"]

[Event "Titled Tuesday Blitz March 21 Late 2023"]
[White "Do Valle Cardoso, Lucas"]
[Black "Zeman, Matyas"]
[WhiteFideId "2163144"]
[BlackFideId "364398"]
[WhiteElo "2383"]
[BlackElo "2254"]
[Result "1-0"]
[Round "02"]
[TimeControl "180+2"]
[Date "2023.03.21"]
[WhiteClock "0:02:14"]
[BlackClock "0:02:20"]

1. e4 e6 2. d4 d5 3. Nc3 Nf6 4. Bg5 Bb4 5. e5 h6 6. Bc1 Ne4 7. Qg4 Kf8 8. Ne2 c5 9. a3 Ba5 10. b4 cxb4 11. Nxe4 dxe4 12. axb4 Bxb4+ 13. c3 Be7 14. Qxe4 Bd7 15. Qxb7 Bc6 16. Qb1 Nd7 17. f3 Nb6 18. Nf4 h5 19. Bb5 Bb7 20. O-O g5 21. Ne2 g4 22. fxg4 Qd5 23. Nf4 1-0


[Site "https://www.chess.com"]

[Event "Titled Tuesday Blitz March 21 Late 2023"]
[White "Wieczorek, Oskar"]
[Black "Krzywda, Andrzej"]
[WhiteFideId "1133950"]
[BlackFideId "1114565"]
[WhiteElo "2418"]
[BlackElo "2155"]
[Result "1-0"]
[Round "02"]
[TimeControl "180+2"]
[Date "2023.03.21"]
[WhiteClock "0:00:04"]
[BlackClock "0:00:01"]

1. e4 e5 2. Nf3 Nf6 3. Nc3 Bb4 4. Bd3 d6 5. O-O O-O 6. a3 Ba5 7. b4 Bb6 8. h3 Nc6 9. Bb2 a6 10. Bc4 Be6 11. Bxe6 fxe6 12. d3 Qe8 13. Ne2 Nh5 14. Nh2 Qg6 15. Ng4 Rf7 16. Kh2 Raf8 17. f3 Ne7 18. d4 exd4 19. Bxd4 Bxd4 20. Qxd4 Kh8 21. c4 e5 22. Qc3 Nf4 23. Nxf4 Rxf4 24. c5 Nc6 25. cxd6 cxd6 26. Rad1 h5 27. Ne3 Nd4 28. Rxd4 exd4 29. Qxd4 h4 30. Ng4 Rd8 31. Rd1 Rff8 32. Qf2 Qg5 33. Rd5 Qf4+ 34. Kh1 Rc8 35. Qxh4+ Kg8 36. Rd1 Rc1 37. Qe1 Rxd1 38. Qxd1 Rc8 39. Qb3+ Kh8 40. Kg1 Qc1+ 41. Kh2 Qf4+ 42. Kg1 Qc1+ 43. Kf2 Qd2+ 44. Kg3 Qe1+ 45. Kh2 Qd2 46. Qf7 Qg5 47. f4 Qb5 48. Qe6 Re8 49. Qg6 Qc6 50. f5 Qd7 51. Qh5+ Kg8 52. Qg6 Qe7 53. f6 Qf7 54. Nh6+ Kh8 55. Qxf7 Rxe4 56. Qxg7# 1-0


[Site "https://www.chess.com"]

[Event "Titled Tuesday Blitz March 21 Late 2023"]
[White "Zhurbinsky, David"]
[Black "Gallegos Diaz, Carlos Alberto"]
[WhiteFideId "2072904"]
[BlackFideId "3900886"]
[WhiteElo "2609"]
[BlackElo "2362"]
[Result "1-0"]
[Round "02"]
[TimeControl "180+2"]
[Date "2023.03.21"]
[WhiteClock "0:00:14"]
[BlackClock "0:00:15"]

1. e4 d6 2. d4 Nf6 3. Nc3 c6 4. Nf3 Qa5 5. Bd3 e5 6. O-O Be7 7. h3 O-O 8. Be3 Re8 9. Re1 Nbd7 10. a3 Qc7 11. Qd2 b5 12. d5 a6 13. dxc6 Qxc6 14. Rad1 Bb7 15. Nh4 g6 16. Bg5 Rad8 17. Qe3 Qc5 18. Qf3 Kg7 19. Qg3 Nh5 20. Qg4 Ndf6 21. Bxf6+ Nxf6 22. Qg5 Bc8 23. Nf5+ Bxf5 24. exf5 h6 25. Qg3 g5 26. h4 Nh5 27. Qg4 Nf4 28. Ne4 Qc8 29. hxg5 hxg5 30. Nxg5 Bxg5 31. Qxg5+ Kf8 32. f6 Ng6 33. Qh6+ 1-0


[Site "https://www.chess.com"]

[Event "Titled Tuesday Blitz March 21 Late 2023"]
[White "drdaro"]
[Black "Pinheiro, Iung Alicio de O."]
[BlackFideId "2104350"]
[WhiteElo "2371"]
[BlackElo "2283"]
[Result "1-0"]
[Round "02"]
[TimeControl "180+2"]
[Date "2023.03.21"]
[WhiteClock "0:00:13"]
[BlackClock "0:00:05"]

1. d4 Nf6 2. Qd3 d5 3. Nd2 c5 4. dxc5 Nc6 5. Ngf3 e5 6. e4 d4 7. Nb3 Bxc5 8. Nxe5 O-O 9. Nxc6 bxc6 10. Bg5 Bb4+ 11. Nd2 h6 12. Bh4 g5 13. Bg3 Nxe4 14. O-O-O Nxd2 15. Rxd2 Bxd2+ 16. Qxd2 Qf6 17. Bd3 c5 18. h4 g4 19. Be4 Bf5 20. Qf4 Rae8 21. Bxf5 Kh8 22. Bxg4 Qg7 23. h5 f5 24. Bf3 Re7 25. Bh4 Re6 26. Bd5 Re5 27. Bc4 Rfe8 28. Rd1 Re4 29. Qg3 Rg4 30. Qh3 Kh7 31. f3 Rxg2 32. Qxf5+ Kh8 33. Bf6 1-0


[Site "https://www.chess.com"]

[Event "Titled Tuesday Blitz March 21 Late 2023"]
[White "Ambartsumova, Karina"]
[Black "Gerbelli Neto, Eduardo"]
[WhiteFideId "4166299"]
[BlackFideId "2103281"]
[WhiteElo "2300"]
[BlackElo "2178"]
[Result "1/2-1/2"]
[Round "02"]
[TimeControl "180+2"]
[Date "2023.03.21"]
[WhiteClock "0:00:05"]
[BlackClock "0:00:07"]

1. e4 e5 2. Nf3 Nc6 3. Nc3 Nf6 4. h3 Bb4 5. Nd5 Bd6 6. Nxf6+ Qxf6 7. c3 O-O 8. d4 exd4 9. cxd4 Bb4+ 10. Bd2 Qe7 11. Bd3 Bxd2+ 12. Qxd2 d5 13. e5 Qb4 14. Rc1 Qxd2+ 15. Kxd2 f6 16. Bb5 Bd7 17. e6 Bxe6 18. Bxc6 bxc6 19. Rxc6 Bf5 20. Rxc7 a5 21. Rhc1 Rab8 22. b3 a4 23. R1c3 axb3 24. axb3 Ra8 25. Rb7 Ra2+ 26. Ke3 g5 27. Re7 Rf7 28. Rcc7 Rxe7+ 29. Rxe7 Rb2 30. Nd2 Kf8 31. Rc7 h5 32. g3 Ke8 33. h4 gxh4 34. gxh4 Kf8 35. Rb7 Ke8 36. b4 Rc2 37. Rb5 Rc3+ 38. Kf4 Be6 39. Rb6 Kf7 40. Nf3 Rc4 41. Rb7+ Kg6 42. Rb6 Bg4 43. Ne5+ Kg7 44. Rb7+ Kf8 45. Nxg4 Rxd4+ 46. Kf5 Rxg4 47. Kxf6 Rf4+ 48. Kg6 Rxh4 49. b5 Rf4 50. Kxh5 Rxf2 51. Kg4 Ke8 52. Kg3 Rb2 53. Kf3 Kd8 54. Ke3 Kc8 55. Rb6 Rb4 56. Kd3 Kc7 57. Rc6+ Kd7 58. Rc5 Kd6 59. Rc6+ Kd7 60. Rc5 Kd6 61. Rc6+ Kd7 1/2-1/2


[Site "https://www.chess.com"]

[Event "Titled Tuesday Blitz March 21 Late 2023"]
[White "Jeet, Jain"]
[Black "ArtemDyachuk"]
[WhiteFideId "5073022"]
[WhiteElo "2067"]
[BlackElo "2367"]
[Result "1-0"]
[Round "02"]
[TimeControl "180+2"]
[Date "2023.03.21"]
[WhiteClock "0:01:09"]
[BlackClock "0:00:04"]

1. Nf3 Nf6 2. g3 b5 3. Bg2 Bb7 4. O-O c5 5. c3 g6 6. d4 cxd4 7. cxd4 Bg7 8. a4 b4 9. Nbd2 O-O 10. Nb3 d6 11. a5 Nbd7 12. Bd2 Bd5 13. Ne1 Bxg2 14. Kxg2 e5 15. Bxb4 Qb8 16. Ba3 Re8 17. dxe5 Nxe5 18. Nd3 Qb7+ 19. Kg1 Nc4 20. Bb4 Nd5 21. a6 Qc8 22. Qc2 Nxb2 23. Qxc8 Raxc8 24. Nxb2 Nxb4 25. Rab1 Rxe2 26. Na4 d5 27. Rfc1 Rce8 28. Rc7 Nd3 29. Rf1 Ra2 30. Nac5 Nxc5 31. Nxc5 Bd4 32. Nd3 Rd2 33. Nf4 Bb6 34. Rd7 d4 35. Nd5 Kg7 36. Nxb6 axb6 37. Ra1 Ra2 38. Rxa2 1-0


[Site "https://www.chess.com"]

[Event "Titled Tuesday Blitz March 21 Late 2023"]
[White "Hindermann, Felix"]
[Black "Richter, Paul"]
[WhiteFideId "1305212"]
[BlackFideId "2046350"]
[WhiteElo "2206"]
[BlackElo "2538"]
[Result "1-0"]
[Round "02"]
[TimeControl "180+2"]
[Date "2023.03.21"]
[WhiteClock "0:02:40"]
[BlackClock "0:01:57"]

1. e4 c5 2. c3 g6 3. d4 cxd4 4. cxd4 d5 5. Nc3 dxe4 6. Bc4 Nf6 7. Qb3 e6 8. d5 exd5 9. Nxd5 Nxd5 10. Bxd5 Qe7 11. Bd2 Nc6 12. Bxc6+ bxc6 13. Qc3 Bg4 14. Qxc6+ 1-0


[Site "https://www.chess.com"]

[Event "Titled Tuesday Blitz March 21 Late 2023"]
[White "crosky"]
[Black "Manukyan, Sargis V."]
[BlackFideId "13303465"]
[WhiteElo "2352"]
[BlackElo "2236"]
[Result "0-1"]
[Round "02"]
[TimeControl "180+2"]
[Date "2023.03.21"]
[WhiteClock "0:00:03"]
[BlackClock "0:00:04"]

1. c4 Nf6 2. Nc3 g6 3. e4 d6 4. d4 c5 5. Be2 cxd4 6. Qxd4 Nc6 7. Qd2 Bg7 8. b3 Nxe4 9. Nxe4 Bxa1 10. Nf3 Bg7 11. h4 h5 12. Bb2 O-O 13. Nfg5 Bf5 14. g4 Bxe4 15. Nxe4 f5 16. Ng5 Qa5 17. Qxa5 Nxa5 18. Bxg7 Kxg7 19. Ne6+ Kf6 20. Nxf8 Rxf8 21. gxh5 gxh5 22. Bxh5 Nc6 23. Bf3 Rh8 24. Kd2 e5 25. Bd5 Rh7 26. f4 exf4 27. Bxc6 bxc6 28. Ke2 Re7+ 29. Kf3 Re4 30. Rd1 Ke5 31. h5 Re3+ 32. Kg2 Rg3+ 33. Kh2 Rg5 34. Re1+ Kf6 35. Rd1 Rxh5+ 36. Kg2 Ke5 37. Re1+ Kf6 38. Kf3 Rh4 39. Rd1 Ke6 40. Re1+ Kd7 41. Rg1 Rh7 42. Kxf4 Rf7 43. Rg6 a5 44. Rg5 Ke6 45. Rg6+ Rf6 46. Rg8 Rh6 47. Re8+ Kd7 48. Rf8 Rh2 49. Rxf5 Rxa2 50. Rf7+ Ke6 51. Ra7 Ra3 52. Ke4 c5 53. Ra6 Rxb3 54. Rxa5 Rc3 55. Ra4 Kd7 56. Kd5 Rd3+ 57. Ke4 Rd4+ 58. Ke3 Kc6 59. Ra6+ Kd7 60. Ra4 Ke6 61. Kf3 Ke5 62. Ke3 Kf5 63. Kf3 Kf6 64. Ke3 Ke5 65. Kf3 Rd3+ 66. Ke2 Kd4 67. Ke1 Rc3 68. Ra6 Ke5 69. Ra4 Rc2 70. Kd1 Rh2 71. Kc1 Kd4 72. Kd1 Kc3 73. Ke1 Kb3 74. Ra6 Rh6 75. Kd2 Kxc4 76. Ra4+ Kd5 77. Kc3 Rh3+ 78. Kc2 Rh2+ 79. Kc3 Rh3+ 80. Kc2 c4 81. Ra5+ Kd4 82. Ra6 d5 83. Ra8 Rh2+ 84. Kd1 Kd3 85. Kc1 d4 86. Rg8 c3 87. Rg3+ Kc4 88. Rg4 Rf2 89. Rh4 Re2 90. Rg4 Kd3 91. Rg3+ Re3 92. Rg2 Kc4 93. Rg4 Re2 94. Rg8 Ra2 95. Rc8+ Kd3 96. Kb1 Rb2+ 97. Kc1 Rh2 98. Kb1 Kd2 99. Rd8 d3 100. Ka2 c2 101. Kb3 c1=Q 102. Rxd3+ Kxd3 0-1


[Site "https://www.chess.com"]

[Event "Titled Tuesday Blitz March 21 Late 2023"]
[White "Yelisieiev, Yevhenii"]
[Black "Kostiukov, Alexandr"]
[WhiteFideId "14139642"]
[BlackFideId "14108100"]
[WhiteElo "2447"]
[BlackElo "2202"]
[Result "1-0"]
[Round "02"]
[TimeControl "180+2"]
[Date "2023.03.21"]
[WhiteClock "0:00:09"]
[BlackClock "0:00:02"]

1. d4 g6 2. Nf3 Bg7 3. g3 d6 4. Bg2 e5 5. dxe5 dxe5 6. Qxd8+ Kxd8 7. Nc3 f6 8. Be3 Nd7 9. O-O-O Bh6 10. Bxh6 Nxh6 11. Bh3 c6 12. Ne4 Ke7 13. Nd6 Rd8 14. g4 Nf7 15. Nxc8+ Raxc8 16. g5 f5 17. Rhg1 Nc5 18. Nd2 e4 19. f3 e3 20. Nc4 Rxd1+ 21. Kxd1 Ne6 22. Nxe3 Nfxg5 23. Bg2 Rd8+ 24. Ke1 Nf4 25. h4 Nge6 26. Bf1 Nd4 27. c3 Nde6 28. Ng2 Nxg2+ 29. Rxg2 Nf4 30. Rh2 Kf6 31. e3 Nd3+ 32. Bxd3 Rxd3 33. Ke2 Rd7 34. f4 h6 35. Rg2 Re7 36. Rg1 a5 37. Rd1 g5 38. Rd6+ Re6 39. Rxe6+ Kxe6 40. fxg5 hxg5 41. hxg5 Kf7 42. Kf3 Kg6 43. Kf4 b5 44. b4 axb4 45. cxb4 1-0


[Site "https://www.chess.com"]

[Event "Titled Tuesday Blitz March 21 Late 2023"]
[White "Abduzhaparov"]
[Black "Reprintsev, Alexander"]
[BlackFideId "14100541"]
[WhiteElo "2345"]
[BlackElo "2229"]
[Result "0-1"]
[Round "02"]
[TimeControl "180+2"]
[Date "2023.03.21"]
[WhiteClock "0:00:01"]
[BlackClock "0:00:48"]

1. Nf3 d5 2. c4 dxc4 3. e4 Nf6 4. e5 Nd5 5. Bxc4 c6 6. Nc3 Bg4 7. Qb3 Bxf3 8. gxf3 e6 9. Qxb7 Nd7 10. Qxc6 Rc8 11. Bxd5 Rxc6 12. Bxc6 Qc7 13. Ba4 Qxe5+ 14. Kd1 Bb4 15. Re1 Qf4 16. Bc6 Qc7 17. Ba4 O-O 18. a3 Bc5 19. b4 Bxf2 20. Re2 Bd4 21. Bb2 Nb6 22. Bb3 Bxc3 23. Bxc3 Rd8 24. Kc2 Nd5 25. Bxd5 exd5 26. Rae1 h6 27. Re7 Qc6 28. Kb1 d4 29. Bb2 Qxf3 30. R7e4 Qd3+ 31. Ka1 Qxd2 32. R4e2 Qf4 33. Rd1 d3 34. Red2 Qe4 35. h3 Kh7 36. Rg1 g5 37. h4 g4 38. h5 f5 39. Rf1 Rd5 40. Rc1 Rd7 41. Rc6 Qxc6 0-1


[Site "https://www.chess.com"]

[Event "Titled Tuesday Blitz March 21 Late 2023"]
[White "Roebers, Eline"]
[Black "Bhavikatti, Neil"]
[WhiteFideId "1058401"]
[BlackFideId "30935024"]
[WhiteElo "2536"]
[BlackElo "2345"]
[Result "0-1"]
[Round "02"]
[TimeControl "180+2"]
[Date "2023.03.21"]
[WhiteClock "0:00:11"]
[BlackClock "0:00:14"]

1. e4 e5 2. Nf3 Nc6 3. Nc3 Nf6 4. a3 d6 5. d4 Bg4 6. d5 Nd4 7. Be3 Nxf3+ 8. gxf3 Bh5 9. Rg1 g6 10. Be2 Be7 11. f4 Bxe2 12. Qxe2 exf4 13. Bxf4 Nh5 14. Be3 Bf6 15. Qb5+ Qd7 16. Qxb7 O-O 17. Qb4 Rab8 18. Qc4 Rxb2 19. Bd4 Rxc2 20. Qd3 Rb2 21. Ne2 Bxd4 22. Nxd4 Rfb8 23. Rc1 Qa4 24. Nc6 Nf4 25. Qf3 Re2+ 26. Kf1 Rxe4 27. Rg4 Qb5+ 28. Kg1 Ne2+ 29. Kh1 Rxg4 30. Qxg4 Nxc1 31. Nxb8 Qxb8 32. Qc4 Nb3 33. h4 Nc5 34. h5 Qb1+ 0-1


[Site "https://www.chess.com"]

[Event "Titled Tuesday Blitz March 21 Late 2023"]
[White "Romero Ruscalleda, Josep"]
[Black "Karas, Marek"]
[WhiteFideId "2231859"]
[BlackFideId "14928558"]
[WhiteElo "2183"]
[BlackElo "2233"]
[Result "0-1"]
[Round "02"]
[TimeControl "180+2"]
[Date "2023.03.21"]
[WhiteClock "0:00:18"]
[BlackClock "0:00:12"]

1. e4 e6 2. d4 d5 3. e5 c5 4. c3 Qb6 5. Bd3 Nc6 6. Nf3 cxd4 7. cxd4 Bd7 8. O-O Nxd4 9. Nxd4 Qxd4 10. Nc3 a6 11. Qe2 Ne7 12. Rd1 Nc6 13. Bxa6 Qxe5 14. Bxb7 Qxe2 15. Nxe2 Rb8 16. Bxc6 Bxc6 17. b3 Be7 18. Bf4 Ra8 19. Be5 O-O 20. Nd4 Bd7 21. a4 f6 22. Bc7 e5 23. Nb5 d4 24. Bd6 Kf7 25. Bxe7 Kxe7 26. Nc7 Rab8 27. b4 Rfc8 28. Na6 Ra8 29. b5 Kd6 30. f3 Rc2 31. Nb4 Rb2 32. Nd3 Re2 33. Rdc1 f5 34. Kf1 Rd2 35. Nc5 Rb2 36. Nxd7 Kxd7 37. Rc5 Kd6 38. Rc6+ Kd5 39. Rac1 d3 40. Rc7 Kd4 41. Rd7+ Ke3 42. Re1+ Re2 43. Rxd3+ Kxd3 44. Rxe2 e4 45. fxe4 fxe4 46. Ra2 Rc8 47. b6 Rc1+ 48. Kf2 e3+ 49. Kf3 Rf1+ 50. Kg3 Rb1 51. a5 e2 52. Rxe2 Kxe2 53. Kf4 Rb4+ 54. Ke5 Rb5+ 55. Kd6 Rxa5 56. b7 Rb5 57. Kc6 Rb1 58. Kc7 Kf2 59. g4 Kg2 60. h4 Kg3 61. b8=Q Rxb8 62. Kxb8 Kxh4 63. Kc7 Kxg4 64. Kd6 h5 65. Ke5 h4 0-1


[Site "https://www.chess.com"]

[Event "Titled Tuesday Blitz March 21 Late 2023"]
[White "Rego, Pedro Filipe"]
[Black "Molenda, Marcin"]
[WhiteFideId "1904310"]
[BlackFideId "1173065"]
[WhiteElo "2193"]
[BlackElo "2286"]
[Result "1-0"]
[Round "02"]
[TimeControl "180+2"]
[Date "2023.03.21"]
[WhiteClock "0:00:30"]
[BlackClock "0:01:20"]

1. e4 c6 2. d4 d5 3. e5 Bf5 4. c4 e6 5. Nc3 Ne7 6. Nf3 h6 7. Be2 Nd7 8. O-O Bh7 9. a4 Nf5 10. a5 a6 11. cxd5 cxd5 12. g4 Nh4 13. Bf4 Nxf3+ 14. Bxf3 Be7 15. Rc1 O-O 16. Qd2 Rc8 17. h3 Bb4 18. Qe3 Bxa5 19. Ne2 Qb6 20. Ng3 Bb4 21. Nh5 Bg6 22. Bxh6 Bxh5 23. Bxg7 Kxg7 24. gxh5 Rg8 25. Kh2 Rxc1 26. Rxc1 Be7 27. Be2 Qd8 28. Rg1+ 1-0


[Site "https://www.chess.com"]